Map: Dusk Towers

Players

Skimpy

  • Race: Zerg Zerg
  • League: Diamond

Nuckzer - Winner!

  • Race: Zerg Zerg
  • League: Diamond

VOD

Have the link to the VOD?

Description

Time

  • Played on: March 19, 2016, 7:19 p.m.
  • Length: 20:58
Show
View Real Time Build Order
Export as new Build Order

Skimpy Zerg 

Build Orders: Hatch First 

Get SALT Encoding   

  12  0:01  Drone  
  13  0:12  Overlord  
  13  0:17  Drone  
  14  0:30  Drone x2  
  14  0:34  Drone  
  17  0:53  Hatchery  
  17  0:56  Drone  
  17  0:58  Drone  
  18  1:04  Extractor  
  17  1:15  Spawning Pool  
  17  1:18  Drone  
  17  1:22  Drone  
  18  1:30  Drone  
  19  1:39  Overlord  
  19  1:51  Drone  
  20  2:02  Zergling x2  
  20  2:03  Queen  
  20  2:04  Metabolic Boost  
  20  2:07  Queen  
  25  2:10  Zergling x2  
  26  2:18  Drone x2  
  26  2:22  Drone  
  29  2:28  Baneling Nest  
  28  2:30  Drone  
  28  2:36  Overlord  
  29  2:50  Drone  
  29  2:51  Drone x2  
  32  3:00  Drone x2  
  32  3:03  Lair  
  34  3:08  Drone  
  34  3:09  Extractor  
  35  3:12  Drone  
  35  3:13  Drone x2  
  35  3:16  Drone  
  35  3:17  Extractor  
  35  3:18  Extractor, Drone  
  37  3:23  Drone x2  
  39  3:28  Drone x2  
  41  3:36  Baneling x2  
  41  3:40  Drone x2  
  41  3:41  Drone  
  44  3:58  Overlord  
  44  4:03  Hatchery  
  44  4:06  Spire  
  42  4:12  Drone x2  
  42  4:16  Drone  
  42  4:17  Drone x2  
  47  4:18  Zergling x2  
  49  4:24  Zergling x2  
  49  4:28  Overlord  
  49  4:30  Zergling x2  
  50  4:39  Zergling x2  
  50  4:44  Overlord  
  50  4:45  Overlord  
  51  4:46  Queen  
  51  4:50  Zergling x6  
  56  5:00  Drone x2  
  57  5:08  Extractor  
  57  5:10  Extractor  
  53  5:19  Mutalisk  
  53  5:20  Mutalisk x5  
  65  5:22  Drone  
  65  5:27  Drone x2  
  68  5:34  Zergling x2  
  64  5:43  Mutalisk x3  
  64  5:47  Zergling x6  
  70  5:55  Mutalisk x2  
  73  6:00  Hatchery  
  72  6:08  Mutalisk  
  74  6:14  Drone x2  
  76  6:19  Hatchery  
  75  6:32  Hatchery, Mutalisk  
  75  6:38  Overlord  
  75  6:39  Overlord x2  
  75  6:51  Overlord x2  
  75  6:53  Zerg Flyer Weapons Level 1  
  75  6:58  Mutalisk x4  
  83  7:16  Mutalisk x2  
  87  7:29  Drone x8  
  94  7:30  Drone x2  
  95  7:38  Overlord x2  
  95  7:53  Drone x3  
  95  7:54  Drone x2  
  100  8:00  Queen  
  100  8:03  Spore Crawler  
  100  8:04  Spine Crawler, Drone  
  100  8:05  Drone x5  
  104  8:12  Mutalisk x2  
  110  8:17  Overlord x2  
  110  8:21  Spore Crawler  
  110  8:23  Spore Crawler  
  108  8:38  Extractor  
  108  8:39  Extractor  
  105  8:42  Drone  
  105  8:43  Drone x8  
  105  8:44  Overlord, Drone  
  105  8:47  Zerg Flyer Armor Level 1  
  115  8:51  Overseer  
  115  9:01  Spore Crawler  
  114  9:10  Mutalisk x7  
  114  9:11  Infestation Pit  
  123  9:28  Drone x11  
  123  9:29  Drone x3  
  117  9:57  Zergling x2  
  117  9:58  Zergling x20  
  129  10:07  Drone  
  129  10:08  Queen  
  110  10:22  Zergling x14  
  110  10:27  Drone  
  117  10:35  Baneling x6  
  111  10:49  Pathogen Glands  
  111  10:50  Burrow  
  111  10:55  Spine Crawler, Drone x3  
  111  10:56  Spine Crawler, Drone x3  
  111  10:57  Drone x8  
  123  11:04  Roach Warren  
  123  11:10  Drone x3  
  125  11:27  Mutalisk  
  125  11:28  Mutalisk x3  
  133  11:39  Spore Crawler x2  
  131  11:41  Spore Crawler, Mutalisk x2  
  131  11:45  Zerg Flyer Weapons Level 2  
  134  11:52  Drone x3  
  134  11:53  Drone  
  138  12:04  Mutalisk  
  138  12:05  Mutalisk x2  
  138  12:08  Overlord  
  144  12:09  Overlord  
  144  12:22  Overlord x3  
  139  12:35  Mutalisk  
  139  12:36  Mutalisk x4  
  144  12:40  Drone x4  
  147  12:49  Spore Crawler  
  146  12:52  Spore Crawler x2  
  146  12:56  Zergling x2  
  146  12:57  Zergling x10  
  150  13:06  Infestor x3  
  148  13:22  Baneling x3  
  148  13:23  Baneling x4, Mutalisk x4  
  103  13:34  Mutalisk x3  
  102  13:51  Zergling x4  
  102  13:52  Zergling x2  
  105  13:56  Hatchery  
  105  13:59  Mutalisk  
  106  14:15  Zergling x2  
  106  14:16  Zergling x14  
  106  14:42  Hatchery  
  106  14:43  Baneling x4  
  106  14:44  Baneling x5  
  105  14:49  Infestor x3  
  105  14:51  Drone x5  
  110  15:08  Mutalisk x2  
  108  15:40  Infestor x3  
  108  15:41  Infestor  
  109  15:43  Mutalisk  
  109  15:44  Mutalisk x2  
  113  15:54  Zergling x8  
  117  16:05  Extractor  
  117  16:07  Zergling x4  
  117  16:08  Zergling x6  
  121  16:15  Infestor x6  
  121  16:30  Mutalisk x2  
  121  16:31  Infestor x6, Mutalisk x3  
  131  16:47  Mutalisk x4  
  139  17:05  Infestor x2  
  108  17:26  Mutalisk  
  108  17:27  Mutalisk x7  
  104  17:42  Zergling x2  
  104  17:43  Zergling x6  
  108  17:58  Mutalisk  
  108  17:59  Mutalisk  
  112  18:24  Baneling x5  
  112  18:26  Hatchery  
  111  18:33  Infestor  
  107  18:43  Mutalisk x2  
  109  19:06  Zergling x12  
  115  19:17  Mutalisk  
  70  20:28  Drone  
Show
View Real Time Build Order
Export as new Build Order

Nuckzer Zerg - Winner!

Build Orders: Hatch First 

Get SALT Encoding   

  12  0:01  Drone  
  13  0:14  Drone  
  14  0:17  Overlord  
  14  0:27  Extractor  
  14  0:28  Drone  
  15  0:35  Drone  
  15  0:36  Drone  
  17  0:56  Hatchery  
  16  0:58  Drone  
  17  1:06  Extractor  
  17  1:07  Drone  
  17  1:15  Spawning Pool  
  17  1:18  Drone  
  17  1:26  Overlord  
  17  1:32  Drone  
  18  1:51  Drone  
  19  2:04  Queen  
  19  2:05  Zergling x4  
  23  2:08  Queen  
  23  2:12  Drone  
  26  2:28  Drone x3  
  29  2:34  Baneling Nest  
  28  2:44  Drone x3  
  28  2:48  Evolution Chamber  
  28  2:51  Drone  
  31  2:54  Drone x2  
  33  3:03  Drone  
  34  3:06  Metabolic Boost  
  34  3:11  Zergling x2  
  35  3:27  Zerg Melee Weapons Level 1  
  35  3:36  Drone  
  35  3:37  Overlord  
  35  3:38  Overlord x2  
  36  3:52  Overlord  
  36  3:56  Drone x4  
  36  3:57  Drone  
  36  3:58  Drone  
  36  3:59  Drone x5  
  36  4:01  Extractor  
  46  4:03  Extractor  
  45  4:14  Extractor  
  44  4:19  Drone  
  44  4:20  Drone x2  
  44  4:21  Drone  
  44  4:24  Lair  
  48  4:30  Hatchery  
  48  4:31  Queen  
  47  4:32  Overlord  
  47  4:33  Overlord  
  47  4:37  Zergling x8  
  53  4:49  Zergling x2  
  53  4:50  Zergling x4  
  56  4:53  Zergling x2  
  56  4:54  Zergling x6  
  56  4:59  Zergling x6  
  63  5:04  Zergling x4  
  64  5:14  Zergling x4  
  64  5:23  Drone  
  64  5:24  Drone x2  
  64  5:27  Spire  
  66  5:31  Zergling x10  
  69  5:43  Zergling x6  
  68  5:59  Spore Crawler  
  68  6:02  Spore Crawler  
  68  6:03  Spore Crawler  
  65  6:11  Overlord x3  
  65  6:14  Drone  
  65  6:15  Drone  
  65  6:16  Drone x3  
  69  6:19  Spore Crawler  
  55  6:37  Drone x2  
  55  6:38  Drone x6  
  55  6:39  Drone x6  
  67  6:48  Baneling x2  
  67  6:49  Baneling  
  67  6:51  Mutalisk x2  
  67  6:52  Mutalisk x3  
  77  6:55  Zerg Flyer Armor Level 1  
  77  7:01  Extractor  
  76  7:02  Extractor  
  76  7:06  Spore Crawler  
  74  7:15  Mutalisk  
  74  7:16  Mutalisk x4  
  82  7:29  Overlord x4  
  82  7:30  Overlord  
  82  7:36  Overlord x3  
  82  7:44  Extractor  
  82  7:45  Extractor  
  82  7:48  Drone  
  82  7:51  Drone x3  
  82  7:52  Drone  
  82  7:53  Drone x6  
  82  7:55  Zergling x2  
  82  7:57  Mutalisk x3  
  98  8:12  Mutalisk x3  
  101  8:21  Hatchery  
  101  8:23  Mutalisk x2  
  104  8:30  Drone  
  104  8:48  Zergling x2  
  105  8:49  Zergling x34  
  105  8:50  Overlord  
  122  9:28  Mutalisk x7  
  137  9:48  Mutalisk  
  137  9:49  Mutalisk x3  
  127  9:55  Zergling x2  
  127  9:56  Zergling x12  
  127  10:14  Mutalisk x5  
  114  10:36  Mutalisk x2  
  114  10:37  Mutalisk x2  
  114  10:39  Zergling x2  
  114  10:40  Zergling x12  
  128  10:45  Hatchery  
  127  10:52  Mutalisk x2  
  127  10:53  Mutalisk  
  127  10:55  Hatchery  
  127  10:56  Zergling x8  
  136  11:11  Hatchery  
  136  11:13  Mutalisk  
  136  11:18  Zerg Flyer Armor Level 2  
  137  11:25  Extractor  
  136  11:29  Extractor  
  136  11:32  Hatchery  
  131  11:36  Mutalisk x3  
  135  11:42  Zergling x2  
  135  11:43  Zergling x4  
  138  11:48  Overlord  
  138  11:49  Overlord x5  
  132  12:03  Zerg Ground Armor Level 1  
  132  12:04  Mutalisk x3  
  132  12:07  Zergling x8  
  132  12:08  Zergling x10  
  147  12:15  Drone x3  
  149  12:16  Drone x3  
  149  12:17  Zergling x4  
  154  12:35  Drone x2  
  156  12:38  Mutalisk x2  
  156  12:39  Mutalisk x3  
  166  12:46  Zergling x16  
  174  12:59  Mutalisk  
  174  13:00  Mutalisk x2  
  170  13:20  Mutalisk x5  
  152  13:32  Mutalisk x3  
  105  13:45  Mutalisk x2  
  105  13:47  Zergling x2  
  105  13:48  Zergling x16  
  118  13:50  Zergling x6, Queen  
  118  13:54  Zergling x8  
  127  13:57  Extractor  
  127  13:58  Extractor  
  127  13:59  Zergling x12  
  131  14:06  Zergling x10  
  131  14:07  Zergling x8  
  132  14:26  Hatchery  
  117  14:34  Zergling x2  
  117  14:35  Zergling x32  
  132  14:42  Mutalisk  
  132  14:43  Mutalisk x2  
  138  14:48  Mutalisk x3  
  138  14:51  Mutalisk  
  144  15:05  Mutalisk x3  
  144  15:06  Mutalisk x6  
  152  15:11  Spore Crawler  
  154  15:14  Spore Crawler, Drone x3  
  154  15:20  Zergling x14  
  154  15:21  Zergling x12  
  167  15:24  Mutalisk x3  
  174  15:34  Mutalisk x4  
  146  15:45  Zergling x2  
  146  15:46  Zergling x18  
  152  15:59  Mutalisk x4  
  152  16:00  Mutalisk  
  152  16:03  Pneumatized Carapace  
  162  16:08  Zerg Melee Weapons Level 2  
  162  16:39  Hatchery  
  157  16:41  Zerg Flyer Weapons Level 1  
  157  16:43  Zergling x2  
  157  16:44  Zergling x14  
  157  16:45  Mutalisk x3  
  165  17:22  Mutalisk x10  
  125  17:34  Zergling x2  
  125  17:35  Zergling x16  
  100  18:00  Infestation Pit  
  100  18:05  Extractor  
  89  18:42  Zergling x12  
  89  18:43  Zergling x58  
  89  18:44  Zergling x2  
  89  18:45  Zergling x2  
  121  19:11  Spore Crawler x2  
  114  19:36  Hatchery, Mutalisk  
  114  19:37  Mutalisk x5  
  91  20:18  Zergling x14  
  91  20:19  Zergling x6  
Tags
 
Add a new tag
Caveats
  • Supply blocks, unpowered buildings, or Contaminate may cause inaccurate times.
  • Supply counts are checked every 10 seconds.